[Event "Titled Tuesday Blitz August 16 Late 2022"]
[White "Roman, Rodrigo"]
[Black "Vlassov, Nikolai"]
[WhiteFideId "3701220"]
[BlackFideId "4103360"]
[WhiteElo "2001"]
[BlackElo "2324"]
[Result "1/2-1/2"]
[Round "01"]
[TimeControl "180+1"]
[Date "2022.08.18"]
[WhiteClock "0:00:00"]
[BlackClock "0:00:00"]

1. e4 c5 2. Nf3 d6 3. d4 cxd4 4. Nxd4 Nf6 5. Nc3 g6 6. Be3 a6 7. h4 Nbd7 8. a4 Qc7 9. f3 b6 10. Qd2 Bb7 11. Be2 Ne5 12. O-O Bg7 13. Ra3 O-O 14. Rb3 Rab8 15. Ra1 Nfd7 16. Bf1 Nc4 17. Bxc4 Qxc4 18. Nce2 Qc7 19. Rc3 Qd8 20. b4 Rc8 21. Rxc8 Qxc8 22. Ra3 Qa8 23. Rc3 Rc8 24. h5 Ne5 25. Rxc8+ Qxc8 26. Qc3 Qxc3 27. Nxc3 gxh5 28. Bf2 Nc6 29. Nxc6 Bxc6 30. Nd5 Bxd5 31. exd5 b5 32. axb5 axb5 33. c4 Kf8 34. cxb5 Ke8 35. b6 Kd7 36. b5 Kc8 37. Kf1 Kb7 38. Ke2 Bc3 39. Kd3 Ba5 40. Bh4 e6 41. Kc4 Bxb6 42. Be7 Bc5 43. Bd8 e5 44. Be7 f5 45. Bd8 e4 46. fxe4 fxe4 47. Bh4 Kb6 48. Bd8+ Kb7 49. Kc3 Bf2 50. Kd2 Bd4 51. Kc2 Kc8 52. Bg5 Bb6 53. Kc3 Kc7 54. Bf4 Bf2 55. Kc4 e3 56. Kd3 Kb6 57. Bxd6 Kxb5 58. Ba3 h4 59. Be7 h5 60. Ke2 Bg1 61. Bxh4 Kc5 62. Bg5 Kxd5 63. Bxe3 Bh2 64. Bf2 Ke4 65. Be1 Bf4 66. Bh4 Be3 67. Kf1 Kd3 68. Bf2 Bf4 69. g3 Be5 70. Kg2 Ke2 71. Bc5 Bf6 72. Bd6 Bg5 73. Bf4 Bf6 74. Kh3 Kf3 75. Bd6 Bg5 76. Be5 Bd8 77. Bd6 Bf6 78. Bc7 Be7 79. Be5 Bg5 80. Bb8 Bf6 81. Bc7 Be7 82. Bb8 Bd8 83. Bd6 Bf6 84. Bc7 1/2-1/2


[Site "https://www.chess.com"]

[Event "Titled Tuesday Blitz August 16 Late 2022"]
[White "Romanchuk, Viktor"]
[Black "Stanisz, Patryk"]
[WhiteFideId "14109271"]
[BlackFideId "1123106"]
[WhiteElo "2242"]
[BlackElo "1833"]
[Result "1-0"]
[Round "01"]
[TimeControl "180+1"]
[Date "2022.08.18"]
[WhiteClock "0:00:00"]
[BlackClock "0:00:00"]

1. d4 d5 2. c4 c6 3. Nc3 Nf6 4. e3 e6 5. Nf3 Nbd7 6. Qc2 Bd6 7. b3 Qe7 8. Be2 O-O 9. O-O b6 10. Bb2 Bb7 11. Rad1 Rfd8 12. h3 Rac8 13. e4 dxe4 14. Nxe4 Nxe4 15. Qxe4 Nf6 16. Qh4 Nd7 17. Qxe7 Bxe7 18. Ne5 Bf6 19. Bf3 Bxe5 20. dxe5 Nc5 21. Ba3 Nd3 22. Bd6 Nf4 23. h4 Ba8 24. Be7 Rxd1 25. Rxd1 Ng6 26. Rd7 Nxe5 27. Rxa7 Nxf3+ 28. gxf3 c5 29. f4 Be4 30. Ra6 f6 31. Rxb6 Kf7 32. Bd6 Kg6 33. Kh2 Bb1 34. a4 Bc2 35. a5 Kf5 36. a6 Ra8 37. Bb8 Be4 38. Kg3 e5 39. fxe5 fxe5 40. a7 g6 41. Rb5 Bc2 42. Rxc5 Bxb3 43. Rxe5+ Kf6 44. Rc5 Bc2 45. Rc7 h5 46. c5 g5 47. hxg5+ Kxg5 48. Rg7+ Kh6 49. Rd7 Be4 50. c6 1-0


[Site "https://www.chess.com"]

[Event "Titled Tuesday Blitz August 16 Late 2022"]
[White "Romero Ruscalleda, Josep"]
[Black "Kruckenhauser, Arthur"]
[WhiteFideId "2231859"]
[BlackFideId "1642812"]
[WhiteElo "2193"]
[BlackElo "2269"]
[Result "0-1"]
[Round "01"]
[TimeControl "180+1"]
[Date "2022.08.18"]
[WhiteClock "0:00:00"]
[BlackClock "0:00:00"]

1. e4 c5 2. c3 Nc6 3. d4 cxd4 4. cxd4 d5 5. Nc3 dxe4 6. d5 Ne5 7. Qd4 Ng6 8. Nxe4 Nf6 9. Nxf6+ exf6 10. Nf3 Bd6 11. Be3 O-O 12. Bd3 Qa5+ 13. Bd2 Re8+ 14. Kd1 Qd8 15. Rc1 Ne5 16. Be4 f5 17. Bd3 Nxf3 18. gxf3 Be5 19. Qc4 Bxb2 20. Rc2 Be5 21. f4 Bd6 22. Be3 Bd7 23. Rb2 b6 24. Ke2 Rc8 25. Qa6 Bxf4 26. Qxa7 Bxe3 27. fxe3 Qg5 28. Qxb6 Qg2+ 29. Kd1 Qxh1+ 0-1


[Site "https://www.chess.com"]

[Event "Titled Tuesday Blitz August 16 Late 2022"]
[White "Rosenberg, Evan S"]
[Black "Fier, Alexandr"]
[WhiteFideId "2019299"]
[BlackFideId "2107139"]
[WhiteElo "1999"]
[BlackElo "2572"]
[Result "0-1"]
[Round "01"]
[TimeControl "180+1"]
[Date "2022.08.18"]
[WhiteClock "0:00:00"]
[BlackClock "0:00:00"]

1. e4 Nf6 2. e5 Nd5 3. d4 d6 4. c4 Nb6 5. exd6 exd6 6. Nc3 Nc6 7. Be3 Be7 8. Bd3 O-O 9. Nge2 Nb4 10. a3 Nxd3+ 11. Qxd3 c6 12. O-O-O d5 13. cxd5 cxd5 14. h3 Nc4 15. g4 Be6 16. Nf4 Qb6 17. Na4 Qb5 18. Qc2 Rac8 19. Nc3 Qa5 20. Rhe1 Nxa3 21. bxa3 Rxc3 0-1


[Site "https://www.chess.com"]

[Event "Titled Tuesday Blitz August 16 Late 2022"]
[White "Rostovtsev, Dmitry"]
[Black "Melikhov, Evgeny V."]
[WhiteFideId "34278320"]
[BlackFideId "4122046"]
[WhiteElo "2295"]
[BlackElo "1963"]
[Result "1-0"]
[Round "01"]
[TimeControl "180+1"]
[Date "2022.08.18"]
[WhiteClock "0:00:00"]
[BlackClock "0:00:00"]

1. e4 e5 2. Nf3 Nc6 3. Bc4 Nf6 4. d3 Be7 5. c3 d6 6. h3 O-O 7. Nbd2 Na5 8. Bb5 a6 9. Ba4 b5 10. Bc2 c5 11. O-O Bb7 12. Re1 Re8 13. d4 cxd4 14. cxd4 Qc7 15. d5 Rec8 16. Bd3 Nc4 17. b3 Nxd2 18. Bxd2 h6 19. Qe2 Qd8 20. a4 bxa4 21. Rxa4 Nd7 22. Bxa6 Bxa6 23. Rxa6 Rxa6 24. Qxa6 Nc5 25. Qc4 Nd7 26. Qe2 Rc2 27. b4 Rb2 28. Qd3 Qb6 29. Rb1 Rxb1+ 30. Qxb1 Qb5 31. Ne1 Bd8 32. Qd3 Qa4 33. Qc2 Qb5 34. Qc6 Qxc6 35. dxc6 Nf6 36. f3 Kf8 37. b5 Bb6+ 38. Kf1 Ke8 39. Nd3 Kd8 40. Nb4 Kc7 41. Ke2 Bc5 42. Na6+ Kb6 43. Ba5+ Kxb5 44. c7 1-0


[Site "https://www.chess.com"]

[Event "Titled Tuesday Blitz August 16 Late 2022"]
[White "Rytenko, Vsevolod"]
[Black "Novikova, Galina"]
[WhiteFideId "14133040"]
[BlackFideId "4157095"]
[WhiteElo "2120"]
[BlackElo "1923"]
[Result "1-0"]
[Round "01"]
[TimeControl "180+1"]
[Date "2022.08.18"]
[WhiteClock "0:00:00"]
[BlackClock "0:00:00"]

1. e4 e6 2. d3 d5 3. Nd2 Nf6 4. Ngf3 g6 5. e5 Nfd7 6. d4 Bg7 7. c3 c5 8. h4 h5 9. Bd3 Nc6 10. O-O O-O 11. a3 Qe8 12. b4 c4 13. Bc2 f6 14. exf6 Nxf6 15. Re1 Ng4 16. Nf1 Qd8 17. Bxg6 e5 18. Bg5 Bf6 19. dxe5 Bxg5 20. hxg5 Be6 21. Bxh5 Rxf3 22. Qxf3 Qxg5 23. Bxg4 Bxg4 24. Qg3 Qg7 25. Nh2 Be6 26. Qxg7+ Kxg7 27. f3 d4 28. cxd4 Nxd4 29. Rac1 b5 30. Kf2 a5 31. Red1 Nb3 32. Rb1 axb4 33. axb4 Ra2+ 34. Kg3 c3 35. Rbc1 Nxc1 36. Rxc1 c2 37. Ng4 Bb3 38. Ne3 Rb2 39. Nf5+ Kg6 40. Nd4 Rb1 41. Nxb3 Rxb3 42. Rxc2 Rxb4 43. f4 Rb3+ 44. Kg4 b4 45. Rc6+ Kf7 46. Kf5 Rb1 47. Rc7+ Ke8 48. Rb7 b3 49. Ke6 Kd8 50. f5 Kc8 51. Rb4 Kc7 52. f6 Kc6 53. f7 Kc5 54. f8=Q+ 1-0


[Site "https://www.chess.com"]

[Event "Titled Tuesday Blitz August 16 Late 2022"]
[White "Sanchez, Robert"]
[Black "Kim, Sergey"]
[WhiteFideId "2034360"]
[BlackFideId "13700570"]
[WhiteElo "1966"]
[BlackElo "2295"]
[Result "0-1"]
[Round "01"]
[TimeControl "180+1"]
[Date "2022.08.18"]
[WhiteClock "0:00:00"]
[BlackClock "0:00:00"]

1. Nf3 Nf6 2. e3 g6 3. c4 Bg7 4. b3 d6 5. Bb2 e5 6. d3 O-O 7. Be2 c6 8. O-O Re8 9. Nc3 Nbd7 10. h3 a6 11. Rc1 b5 12. Qc2 Bb7 13. Qb1 Qe7 14. Nd2 d5 15. cxd5 cxd5 16. a3 d4 17. Na2 Nd5 18. e4 Nf4 19. Bf3 Nc5 20. Rxc5 Qxc5 21. Nb4 a5 22. Rc1 Qd6 23. Na2 Rac8 24. Kh2 Rxc1 25. Nxc1 Rc8 26. g3 Ne6 27. a4 Bh6 28. Nf1 b4 29. Ne2 Nc5 30. Bc1 Bg7 31. Nd2 Ba6 32. Nc4 Bxc4 33. bxc4 Nxa4 34. Qa2 Qc6 35. Bg4 Ra8 36. f4 Nc3 37. Qc2 a4 0-1


[Site "https://www.chess.com"]

[Event "Titled Tuesday Blitz August 16 Late 2022"]
[White "Schmakel, Sam"]
[Black "Miszler, Levente"]
[WhiteFideId "2039311"]
[BlackFideId "763276"]
[WhiteElo "2356"]
[BlackElo "1966"]
[Result "0-1"]
[Round "01"]
[TimeControl "180+1"]
[Date "2022.08.18"]
[WhiteClock "0:00:00"]
[BlackClock "0:00:00"]

1. d4 Nf6 2. c4 e6 3. Nc3 d5 4. Nf3 Be7 5. Bf4 O-O 6. e3 c6 7. Qc2 Nbd7 8. h3 Re8 9. Bd3 dxc4 10. Bxc4 Nd5 11. Bh2 Bf6 12. O-O Nxc3 13. bxc3 e5 14. Qb3 Re7 15. dxe5 Nxe5 16. Nxe5 Bxe5 17. Bxe5 Rxe5 18. Bxf7+ Kf8 19. Bc4 b5 20. Be2 Rg5 21. Rad1 Qf6 22. Kh1 Qh6 23. Qb4+ Kf7 24. Rd8 Bxh3 25. Qf8+ Kg6 26. Rd6+ Be6+ 27. Kg1 Rxg2+ 28. Kxg2 Qh3+ 29. Kg1 Rxf8 30. Rfd1 Rf6 31. Rxc6 Kh6 32. Bd3 Qf3 0-1


[Site "https://www.chess.com"]

[Event "Titled Tuesday Blitz August 16 Late 2022"]
[White "Shapiro, Daniel"]
[Black "Stanojoski, Zvonko"]
[WhiteFideId "2001780"]
[BlackFideId "15000257"]
[WhiteElo "2284"]
[BlackElo "2364"]
[Result "1-0"]
[Round "01"]
[TimeControl "180+1"]
[Date "2022.08.18"]
[WhiteClock "0:00:00"]
[BlackClock "0:00:00"]

1. d4 d5 2. c4 e6 3. Nf3 c6 4. Qc2 dxc4 5. Qxc4 Nf6 6. g3 b5 7. Qc2 Bb7 8. Bg2 c5 9. dxc5 Be4 10. Qb3 Bxc5 11. Qxb5+ Nbd7 12. O-O O-O 13. Nc3 Rb8 14. Qa4 Ba8 15. Qc2 h6 16. Bf4 Rc8 17. Rad1 Qb6 18. Qb1 Rfd8 19. Na4 Qa5 20. Nxc5 Qxc5 21. Rc1 Qh5 22. Rxc8 Rxc8 23. Rc1 Re8 24. Rc7 e5 25. Bd2 e4 26. Nd4 Ne5 27. Rxa7 Rd8 28. Bc3 Nd5 29. Bxe4 Nxc3 30. bxc3 Bxe4 31. Qxe4 Ng4 32. h4 Nf6 33. Qf5 Rxd4 34. Ra8+ 1-0


[Site "https://www.chess.com"]

[Event "Titled Tuesday Blitz August 16 Late 2022"]
[White "Shimanov, Aleksandr"]
[Black "Voege, Tobias"]
[WhiteFideId "4198603"]
[BlackFideId "1270513"]
[WhiteElo "2605"]
[BlackElo "2360"]
[Result "1-0"]
[Round "01"]
[TimeControl "180+1"]
[Date "2022.08.16"]
[WhiteClock "0:01:12"]
[BlackClock "0:00:30"]

1. e4 e6 2. Qe2 c5 3. Nf3 Nc6 4. g3 g6 5. Bg2 Bg7 6. O-O Nge7 7. e5 O-O 8. Nc3 d5 9. exd6 Qxd6 10. Ne4 Qc7 11. Nxc5 Nd4 12. Nxd4 Qxc5 13. c3 Bxd4 14. cxd4 Qxd4 15. d3 Rd8 16. Bf4 Nf5 17. Be5 Qb4 18. Bf6 Rd7 19. g4 Nd4 20. Qe4 Nc2 21. Rac1 Qxe4 22. dxe4 Nb4 23. Rfd1 Nc6 24. e5 h6 25. b4 a6 26. a4 Nd4 27. Kf1 Rb8 28. Rd3 Nc6 29. Rcd1 Rxd3 30. Rxd3 g5 31. b5 1-0


[Site "https://www.chess.com"]

[Event "Titled Tuesday Blitz August 16 Late 2022"]
[White "Shuvalova, Polina"]
[Black "Rios Escobar, Adan"]
[WhiteFideId "24171760"]
[BlackFideId "3403645"]
[WhiteElo "2330"]
[BlackElo "2276"]
[Result "0-1"]
[Round "01"]
[TimeControl "180+1"]
[Date "2022.08.18"]
[WhiteClock "0:00:00"]
[BlackClock "0:00:00"]

1. Nf3 Nf6 2. g3 g6 3. Bg2 Bg7 4. c4 c5 5. Nc3 Nc6 6. O-O O-O 7. e3 d5 8. cxd5 Nxd5 9. Nxd5 Qxd5 10. Nd4 Qg5 11. Nxc6 bxc6 12. Bxc6 Bh3 13. Bg2 Bxg2 14. Kxg2 Rab8 15. Rb1 Qd5+ 16. Qf3 Qxa2 17. Qe4 Rb4 18. Qd3 c4 19. Qc2 Rd8 20. Rd1 Rd3 21. Re1 h5 22. h4 a5 23. e4 Bd4 24. e5 e6 25. Re4 a4 26. g4 hxg4 27. Rxg4 a3 28. h5 axb2 29. Bxb2 Rxb2 30. Rxb2 Qxb2 31. Qxc4 Rxd2 32. Rxg6+ fxg6 33. Qxe6+ Kf8 34. Qf6+ Ke8 35. Qxg6+ Kd8 36. Qd6+ Kc8 37. Qc6+ Kb8 38. Qe8+ Kb7 39. Qd7+ Kb6 40. Qd6+ Kb5 41. Qd5+ Bc5 42. Qb7+ Bb6 43. Qf3 Rxf2+ 44. Kh1 Rxf3 0-1


[Site "https://www.chess.com"]

[Event "Titled Tuesday Blitz August 16 Late 2022"]
[White "Skawinski, Arkadiusz"]
[Black "Thiel, Thomas"]
[WhiteFideId "1126415"]
[BlackFideId "4615964"]
[WhiteElo "2149"]
[BlackElo "2230"]
[Result "0-1"]
[Round "01"]
[TimeControl "180+1"]
[Date "2022.08.18"]
[WhiteClock "0:00:00"]
[BlackClock "0:00:00"]

1. e4 d5 2. exd5 Nf6 3. c4 c6 4. d4 cxd5 5. Nc3 Nc6 6. Nf3 Be6 7. Qa4 dxc4 8. Bxc4 Bxc4 9. Qxc4 e6 10. O-O Be7 11. Rd1 Nd5 12. Nxd5 Qxd5 13. Qb3 Qxb3 14. axb3 O-O 15. d5 exd5 16. Rxd5 Rad8 17. Rxd8 Rxd8 18. Be3 a6 19. Rc1 Bf6 20. Bb6 Rd3 21. Re1 h6 22. h4 Rxb3 23. Re8+ Kh7 24. Bc5 Rxb2 25. h5 b6 26. Be3 a5 27. Rc8 Ne5 28. Nd4 Ng4 29. Nf5 Rb1+ 30. Bc1 a4 31. f3 Bg5 0-1


[Site "https://www.chess.com"]

[Event "Titled Tuesday Blitz August 16 Late 2022"]
[White "So, Wesley"]
[Black "Omelja, Artem"]
[WhiteFideId "5202213"]
[BlackFideId "14119846"]
[WhiteElo "2763"]
[BlackElo "2382"]
[Result "1-0"]
[Round "01"]
[TimeControl "180+1"]
[Date "2022.08.16"]
[WhiteClock "0:00:15"]
[BlackClock "0:00:01"]

1. d4 d5 2. c4 c6 3. Nf3 e6 4. g3 dxc4 5. Bg2 b5 6. O-O Bb7 7. Ne5 Nf6 8. Nc3 a6 9. a4 Qb6 10. e4 Nbd7 11. Be3 c5 12. Nxd7 Nxd7 13. d5 Be7 14. axb5 axb5 15. Rxa8+ Bxa8 16. dxe6 fxe6 17. Qh5+ g6 18. Qh6 Bf6 19. Rd1 b4 20. Na4 Qb5 21. Nxc5 Nxc5 22. e5 Bxg2 23. exf6 Qb7 24. Bxc5 Bh1 25. f3 Qxf3 26. f7+ Kxf7 27. Rf1 1-0


[Site "https://www.chess.com"]

[Event "Titled Tuesday Blitz August 16 Late 2022"]
[White "Soham Kamotra"]
[Black "Riehle, Marco"]
[WhiteFideId "46647490"]
[BlackFideId "12904392"]
[WhiteElo "2082"]
[BlackElo "2462"]
[Result "1-0"]
[Round "01"]
[TimeControl "180+1"]
[Date "2022.08.16"]
[WhiteClock "0:00:26"]
[BlackClock "0:00:56"]

1. c4 e6 2. g3 d5 3. Bg2 Nf6 4. Nf3 c5 5. O-O Nc6 6. cxd5 Nxd5 7. d4 Be7 8. Nc3 O-O 9. Nxd5 Qxd5 10. dxc5 Qxc5 11. Be3 Qb5 12. Qb3 Qxb3 13. axb3 Bd7 14. Nd4 a6 15. Nxc6 Bxc6 16. Bxc6 bxc6 17. Rfc1 Rfc8 18. Ra4 h6 19. Bd4 Bf6 20. Bxf6 gxf6 21. Rc3 a5 22. Kf1 Kf8 23. Rac4 Ra6 24. Ke1 Ke7 25. Kd2 Rb6 26. Rc5 Ra6 27. Kc2 f5 28. R5c4 e5 29. Rh4 Rh8 30. Ra4 Kd6 31. b4 Rha8 32. Rca3 h5 33. Rxa5 Rxa5 34. bxa5 h4 35. a6 Kc5 36. Kd3 h3 37. f4 f6 38. e4 exf4 39. gxf4 Kb6 40. a7 Kc5 41. Ke3 Kb4 42. e5 Kc5 43. exf6 Kd6 44. Kd4 Ke6 45. Kc5 Kxf6 46. Kxc6 Kg6 47. Kb7 Rg8 48. Rg3+ 1-0


[Site "https://www.chess.com"]

[Event "Titled Tuesday Blitz August 16 Late 2022"]
[White "Sourath Biswas"]
[Black "Rengifo Blancas, Renzo Jhonathan"]
[WhiteFideId "35091484"]
[BlackFideId "3807185"]
[WhiteElo "1777"]
[BlackElo "2058"]
[Result "1-0"]
[Round "01"]
[TimeControl "180+1"]
[Date "2022.08.18"]
[WhiteClock "0:00:00"]
[BlackClock "0:00:00"]

1. d4 d5 2. Bf4 c6 3. e3 Nf6 4. Nf3 Bf5 5. c4 e6 6. Qb3 Qb6 7. c5 Qxb3 8. axb3 Nbd7 9. b4 a6 10. h3 Be7 11. Nbd2 O-O 12. Nb3 Bd8 13. Bd6 Re8 14. Na5 Bxa5 15. bxa5 Ne4 16. Bh2 f6 17. Nh4 Bg6 18. Nxg6 hxg6 19. f3 Ng5 20. Bd3 Kf7 21. h4 Nh7 22. h5 f5 23. hxg6+ Kxg6 24. Bd6 Nhf6 25. g4 Rh8 26. gxf5+ exf5 27. Kf2 Rxh1 28. Rxh1 Ne8 29. Bf4 Kf6 30. Rg1 g6 31. e4 Ng7 32. Bg5+ Kf7 33. Bh6 fxe4 34. fxe4 dxe4 35. Bxe4 Nf5 36. Bxf5 gxf5 37. Rg7+ Ke6 38. Rg6+ Kf7 39. Rg7+ Ke6 40. Bg5 Re8 41. Kf3 Nf6 42. Bxf6 Kxf6 43. Rxb7 Rd8 44. Rb6 Rxd4 45. Rxc6+ Ke5 46. Rxa6 Rd3+ 47. Ke2 Rb3 48. Rb6 Rh3 49. a6 Ke4 50. Rb4+ Ke5 51. a7 Rh2+ 52. Kf1 Rh1+ 53. Kg2 Ra1 54. Rb7 Kd5 55. b4 Kc6 56. Rf7 Ra3 57. Kf2 Kb5 58. Ke2 Kxb4 59. c6 Kb5 60. c7 Rxa7 61. c8=Q Rxf7 62. Qe8+ 1-0


[Site "https://www.chess.com"]

[Event "Titled Tuesday Blitz August 16 Late 2022"]
[White "Szalay, Karoly"]
[Black "Moore, Alex"]
[WhiteFideId "2600544"]
[BlackFideId "30910692"]
[WhiteElo "2159"]
[BlackElo "1912"]
[Result "1-0"]
[Round "01"]
[TimeControl "180+1"]
[Date "2022.08.18"]
[WhiteClock "0:00:00"]
[BlackClock "0:00:00"]

1. e4 c6 2. d4 d5 3. exd5 cxd5 4. c3 Nc6 5. h3 Qc7 6. Nf3 e6 7. Bd3 Bd6 8. O-O Nge7 9. Na3 a6 10. Nc2 O-O 11. Re1 Rb8 12. a4 b5 13. axb5 axb5 14. b4 Ng6 15. Na3 Ba6 16. Nd2 Nce7 17. Bb2 Nf4 18. Bf1 Nf5 19. Nb3 e5 20. g3 Ng6 21. Nc5 Bxc5 22. dxc5 e4 23. Qxd5 Nxg3 24. fxg3 Qxg3+ 25. Bg2 Qxg2+ 26. Kxg2 Nf4+ 27. Kh2 Nxd5 28. Rxe4 Rfe8 29. Rae1 Kf8 30. Rxe8+ Rxe8 31. Rxe8+ Kxe8 32. c4 bxc4 33. b5 Bc8 34. Nxc4 Nc7 35. Nd6+ Kd7 36. Bxg7 Ne8 37. Nxe8 Kxe8 38. c6 Kd8 39. Be5 1-0


[Site "https://www.chess.com"]

[Event "Titled Tuesday Blitz August 16 Late 2022"]
[White "Taboas Rodriguez, Daniel"]
[Black "Levine, David"]
[WhiteFideId "2208466"]
[BlackFideId "2011611"]
[WhiteElo "2359"]
[BlackElo "2068"]
[Result "1-0"]
[Round "01"]
[TimeControl "180+1"]
[Date "2022.08.18"]
[WhiteClock "0:00:00"]
[BlackClock "0:00:00"]

1. d4 Nf6 2. Nf3 g6 3. c4 Bg7 4. Nc3 O-O 5. e4 d6 6. Be2 e5 7. dxe5 dxe5 8. Qxd8 Rxd8 9. Bg5 Re8 10. Nd5 Nxd5 11. cxd5 c6 12. Bc4 cxd5 13. Bxd5 Na6 14. Ke2 Nb4 15. Bc4 Be6 16. Rhc1 Bxc4+ 17. Rxc4 Nc6 18. Rd1 f6 19. Be3 Rad8 20. Rxd8 Rxd8 21. b4 a6 22. a4 Rd7 23. b5 axb5 24. axb5 Nd8 25. Nd2 Kf7 26. Rc8 Bf8 27. Nc4 Ne6 28. Nb6 Rc7 29. Rb8 Bc5 30. Nd5 Rd7 31. Rh8 Kg7 32. Rxh7+ Kxh7 33. Nxf6+ Kg7 34. Nxd7 Nd4+ 35. Bxd4 Bxd4 36. Kd3 Kf7 37. f4 Ke6 38. Nxe5 Bg1 39. h3 Bh2 40. Nxg6 1-0


[Site "https://www.chess.com"]

[Event "Titled Tuesday Blitz August 16 Late 2022"]
[White "Taichman, Ori"]
[Black "Liu, Casper"]
[WhiteFideId "2804069"]
[BlackFideId "1454153"]
[WhiteElo "2317"]
[BlackElo "2328"]
[Result "1-0"]
[Round "01"]
[TimeControl "180+1"]
[Date "2022.08.18"]
[WhiteClock "0:00:00"]
[BlackClock "0:00:00"]

1. e4 c5 2. Nf3 d6 3. d4 cxd4 4. Nxd4 Nf6 5. Nc3 g6 6. Bg5 Bg7 7. Bb5+ Bd7 8. Qe2 O-O 9. O-O-O a6 10. Bxd7 Nbxd7 11. f4 b5 12. e5 dxe5 13. fxe5 b4 14. Nc6 Qc7 15. Nxe7+ Kh8 16. exf6 Nxf6 17. Bxf6 Bxf6 18. Ncd5 1-0


[Site "https://www.chess.com"]

[Event "Titled Tuesday Blitz August 16 Late 2022"]
[White "Tanenbaum, Zachary"]
[Black "Omariev, Maksim"]
[WhiteFideId "2060850"]
[BlackFideId "4193423"]
[WhiteElo "2175"]
[BlackElo "2304"]
[Result "1-0"]
[Round "01"]
[TimeControl "180+1"]
[Date "2022.08.18"]
[WhiteClock "0:00:00"]
[BlackClock "0:00:00"]

1. e4 c5 2. Nf3 d6 3. d4 cxd4 4. Nxd4 Nf6 5. Nc3 a6 6. Be3 Ng4 7. Bc1 Nf6 8. f3 e6 9. Be3 b5 10. Qd2 Nbd7 11. g4 h6 12. O-O-O Bb7 13. h4 b4 14. Nce2 d5 15. Bh3 dxe4 16. g5 hxg5 17. hxg5 exf3 18. Ng3 Ne4 19. Nxe4 Bxe4 20. Nxe6 fxe6 21. Bxe6 Rxh1 22. Bxd7+ Kf7 23. Rxh1 Qc7 24. Ba4 Rd8 25. Bb3+ Kg6 26. Qf2 Kf5 27. Qh4 Bd5 28. Qh3+ Ke4 29. Qg4+ 1-0


[Site "https://www.chess.com"]

[Event "Titled Tuesday Blitz August 16 Late 2022"]
[White "Tatarinov, Dmitry"]
[Black "Rodrigues, Bruno Morado"]
[WhiteFideId "24160067"]
[BlackFideId "2115654"]
[WhiteElo "2324"]
[BlackElo "2040"]
[Result "1-0"]
[Round "01"]
[TimeControl "180+1"]
[Date "2022.08.18"]
[WhiteClock "0:00:00"]
[BlackClock "0:00:00"]

1. d4 d5 2. c4 c6 3. Nf3 Nf6 4. e3 e6 5. Nbd2 Nbd7 6. Bd3 Bd6 7. O-O O-O 8. Qc2 Qe7 9. b3 e5 10. cxd5 cxd5 11. dxe5 Nxe5 12. Nxe5 Qxe5 13. Nf3 Qxa1 14. Nd4 Bd7 15. Bd2 Qxf1+ 16. Bxf1 Rac8 17. Qb2 Ne4 18. Be1 Be5 19. f3 Nd6 20. Bg3 Bxg3 21. hxg3 Rc7 22. Bd3 Rfc8 23. g4 h6 24. Kh2 Rc1 25. Kg3 Re1 26. Kf2 Rec1 27. Ne2 R1c7 28. Qe5 Bb5 29. Qxd6 Bxd3 30. Nd4 Bb1 31. a4 a6 32. Qxd5 Bg6 33. e4 b6 34. b4 Rc4 35. b5 Rxa4 36. Nc6 Rf8 37. Ne7+ Kh7 38. Qd6 Re8 39. g5 hxg5 40. Qh2+ 1-0


[Site "https://www.chess.com"]

[Event "Titled Tuesday Blitz August 16 Late 2022"]
[White "Tristan, Leonardo"]
[Black "D`Arruda, Ricardo D."]
[WhiteFideId "113816"]
[BlackFideId "100692"]
[WhiteElo "2404"]
[BlackElo "2502"]
[Result "1-0"]
[Round "01"]
[TimeControl "180+1"]
[Date "2022.08.16"]
[WhiteClock "0:01:00"]
[BlackClock "0:00:18"]

1. d4 Nf6 2. Nf3 d5 3. Bf4 c6 4. e3 Qb6 5. Qc1 g6 6. c4 Bg7 7. Nc3 O-O 8. Be2 Bf5 9. O-O Ne4 10. c5 Qd8 11. b4 Nd7 12. Nxe4 Bxe4 13. Nd2 Bf5 14. g4 Be6 15. h3 f6 16. b5 Bf7 17. Bg3 e5 18. Nb3 Be6 19. a4 f5 20. dxe5 Nxe5 21. Nd4 Bd7 22. Qd1 fxg4 23. hxg4 Qc8 24. f3 h5 25. gxh5 gxh5 26. Kh2 Ng6 27. Rg1 Qe8 28. Bd6 Qxe3 29. Rxg6 Rf4 30. Rxg7+ Kxg7 31. Qg1+ 1-0


[Site "https://www.chess.com"]

[Event "Titled Tuesday Blitz August 16 Late 2022"]
[White "Turayev, Shahruh"]
[Black "Remolar Gallen, Jose"]
[WhiteFideId "14003856"]
[BlackFideId "2215187"]
[WhiteElo "2217"]
[BlackElo "2205"]
[Result "0-1"]
[Round "01"]
[TimeControl "180+1"]
[Date "2022.08.18"]
[WhiteClock "0:00:00"]
[BlackClock "0:00:00"]

1. e4 c5 2. Nc3 g6 3. d4 cxd4 4. Qxd4 Nf6 5. Nf3 Nc6 6. Qe3 d6 7. Bc4 Bg7 8. O-O O-O 9. h3 a6 10. Qe2 b5 11. Bb3 Bb7 12. Bg5 h6 13. Bh4 g5 14. Bg3 Nh5 15. Bh2 e6 16. Rad1 Nf4 17. Bxf4 gxf4 18. Qd2 Be5 19. Ne2 Qf6 20. Nh2 h5 21. c3 Na5 22. Bc2 Nc4 23. Qc1 Kh8 24. Kh1 Rg8 25. Nd4 d5 26. b3 dxe4 27. bxc4 Rg7 28. Rde1 Rag8 29. Bxe4 Bxe4 30. Rxe4 Rxg2 31. Ndf3 Qg6 32. Nh4 Qxe4 33. f3 Qe2 34. Ng4 hxg4 35. Nxg2 gxf3 36. Nh4 Rg3 37. Qd1 Rxh3+ 38. Kg1 Qh2# 0-1


[Site "https://www.chess.com"]

[Event "Titled Tuesday Blitz August 16 Late 2022"]
[White "Urbina Perez, Juan Antonio"]
[Black "Gomez Ledo, Roberto Carlos"]
[WhiteFideId "2217368"]
[BlackFideId "3507076"]
[WhiteElo "2192"]
[BlackElo "2379"]
[Result "1/2-1/2"]
[Round "01"]
[TimeControl "180+1"]
[Date "2022.08.18"]
[WhiteClock "0:00:00"]
[BlackClock "0:00:00"]

1. e4 d6 2. d4 Nf6 3. f3 c5 4. dxc5 dxc5 5. Qxd8+ Kxd8 6. Be3 b6 7. Nd2 Nc6 8. O-O-O Kc7 9. Ne2 e5 10. Nc3 Be6 11. Bc4 a6 12. Bxe6 fxe6 13. Ne2 Nd4 14. Rhe1 b5 15. c3 Nxe2+ 16. Rxe2 c4 17. Nf1 Be7 18. Red2 Rhd8 19. Rxd8 Bxd8 20. Kc2 Be7 21. Bg5 h6 22. Bxf6 gxf6 23. g4 Bc5 24. Ng3 Be3 25. Nh5 f5 26. Ng7 fxg4 27. fxg4 Kc6 28. Nxe6 Re8 29. Nd8+ Kc7 30. Nf7 Bf4 31. Nd6 Rg8 32. h3 h5 33. a4 hxg4 34. hxg4 Rxg4 35. axb5 Rg2+ 36. Kb1 axb5 37. Nxb5+ Kc6 38. Na3 Re2 39. Nxc4 Rxe4 40. Na3 Re2 41. Nc2 Kc5 42. Re1 Rh2 43. Ne3 e4 44. Ng4 Rg2 45. Nf6 e3 46. Nh5 Bg5 47. Ng7 Kc4 48. Ne6 Bh6 49. Nd4 Kd3 50. Rd1+ Ke4 51. Re1 Kd3 52. Kc1 e2+ 53. Kb1 Bd2 54. Rxe2 Rxe2 55. Nxe2 Kxe2 56. Ka2 Kd3 57. Kb3 Be3 58. Kb4 Bc1 59. b3 Bd2 60. Kc5 Bxc3 61. b4 Bxb4+ 1/2-1/2


[Site "https://www.chess.com"]